Map: Lightshade LE

Players

TeebuL - Winner!

  • Race: Protoss Protoss

Seither

  • Race: Terran Terran

Event: DreamHack SC2 Masters 2021 Fall

VOD

Have the link to the VOD?

Description

Time

  • Played on: July 31, 2021, 5:04 a.m.
  • Length: 12:11

All games in this series

Show
View Real Time Build Order
Export as new Build Order

TeebuL Protoss - Winner!

Build Orders: Blink Stalkers 

Get SALT Encoding   

  12  0:00  Probe  
  13  0:12  Probe  
  14  0:19  Pylon  
  14  0:24  Probe (Chrono Boost)  
  15  0:38  Probe (Chrono Boost)  
  15  0:40  Gateway  
  16  0:46  Probe (Chrono Boost)  
  16  0:47  Assimilator  
  17  0:52  Probe  
  18  0:57  Assimilator  
  19  1:04  Probe  
  19  1:16  Probe  
  20  1:28  Cybernetics Core, Probe  
  23  1:44  Pylon  
  23  1:49  Probe  
  22  2:01  Probe  
  22  2:02  Adept (Chrono Boost)  
  22  2:05  Warp Gate  
  25  2:13  Probe  
  26  2:25  Stalker, Probe  
  29  2:38  Probe  
  30  2:45  Pylon  
  30  2:46  Nexus  
  30  2:47  Twilight Council  
  30  2:51  Probe  
  31  3:00  Gateway  
  31  3:04  Probe  
  32  3:08  Stalker  
  34  3:15  Blink (Chrono Boost)  
  34  3:16  Probe  
  35  3:28  Probe  
  36  3:40  Probe  
  37  3:42  Robotics Facility  
  37  3:52  Probe  
  38  3:59  Pylon, Stalker  
  38  4:00  Probe  
  41  4:04  Stalker, Probe  
  44  4:12  Probe  
  44  4:17  Probe  
  46  4:24  Probe  
  46  4:26  Stalker  
  46  4:29  Probe  
  50  4:31  Observer (Chrono Boost)  
  50  4:35  Stalker  
  50  4:36  Probe  
  54  4:41  Pylon, Probe  
  55  4:47  Observer (Chrono Boost)  
  55  4:48  Probe  
  55  4:49  Stalker  
  59  4:53  Probe  
  59  4:58  Stalker  
  62  5:00  Probe  
  62  5:05  Charge  
  62  5:06  Nexus  
  63  5:09  Pylon  
  63  5:10  Observer  
  63  5:12  Probe  
  63  5:13  Observer  
  64  5:19  Forge  
  64  5:20  Probe  
  65  5:21  Assimilator  
  65  5:22  Sentry  
  65  5:23  Assimilator, Observer  
  65  5:24  Probe  
  68  5:35  Probe  
  69  5:40  Gateway  
  69  5:41  Probe  
  70  5:43  Gateway  
  70  5:45  Observer  
  70  5:47  Probe  
  71  5:53  Robotics Bay  
  71  5:54  Probe  
  71  5:55  Pylon  
  72  6:01  Zealot x2, Probe  
  72  6:03  Protoss Ground Armor Level 1 (Chrono Boost)  
  77  6:09  Pylon  
  77  6:12  Immortal (Chrono Boost)  
  77  6:16  Shield Battery  
  81  6:19  Gateway  
  81  6:20  Gateway  
  81  6:23  Probe  
  82  6:27  Sentry  
  82  6:28  Stalker  
  82  6:30  Probe  
  87  6:40  Zealot x2  
  87  6:41  Colossus (Chrono Boost)  
  87  6:42  Probe x2  
  87  6:43  Probe  
  100  6:52  Pylon  
  100  6:54  Probe  
  100  6:56  Probe  
  100  6:59  Shield Battery  
  100  7:03  Stalker x3  
  100  7:07  Probe  
  107  7:16  Stalker x3  
  107  7:19  Pylon  
  113  7:24  Extended Thermal Lance (Chrono Boost)  
  113  7:29  Zealot x2  
  117  7:35  Pylon  
  117  7:36  Pylon  
  117  7:38  Gateway  
  117  7:40  Gateway  
  117  7:47  Observer  
  117  7:48  Zealot x3  
  117  7:49  Protoss Ground Weapons Level 1 (Chrono Boost), Zealot  
  123  7:56  Stalker x2  
  125  8:03  Colossus (Chrono Boost)  
  132  8:05  Probe x2  
  132  8:09  Zealot x2  
  137  8:17  Pylon  
  137  8:19  Zealot x3  
  135  8:28  Zealot  
  135  8:34  Pylon  
  135  8:35  Pylon, Stalker x2  
  135  8:36  Stalker  
  139  8:47  Zealot  
  139  8:48  Zealot x4  
  143  9:02  Pylon  
  137  9:03  Zealot x3  
  137  9:04  Pylon  
  137  9:07  Pylon  
  137  9:08  Pylon  
  137  9:17  Zealot  
  137  9:18  Zealot x4  
  137  9:22  Disruptor (Chrono Boost)  
  132  9:32  Zealot x3  
  122  9:42  Zealot  
  122  9:43  Zealot x7  
  99  10:05  Zealot x7  
  99  10:06  Zealot  
  103  10:08  Colossus (Chrono Boost)  
  99  10:20  Observer  
  99  10:21  Templar Archives  
  99  10:34  Sentry  
  99  10:35  Sentry, Zealot x6  
  101  10:38  Pylon  
  101  10:39  Assimilator  
  111  10:55  Immortal (Chrono Boost)  
  115  10:58  High Templar x4  
  115  10:59  Zealot x3  
  115  11:03  Archon x2  
  129  11:05  Shield Battery  
  129  11:06  Stalker  
  119  11:20  Pylon  
  119  11:21  Stalker  
  119  11:22  Stalker x2  
  121  11:30  Zealot x5  
  117  11:46  Zealot x3  
Show
View Real Time Build Order
Export as new Build Order

Seither Terran 

Build Orders:  

Get SALT Encoding   

  12  0:00  SCV  
  13  0:12  SCV  
  14  0:17  Supply Depot  
  14  0:24  SCV  
  15  0:38  SCV  
  15  0:40  Barracks  
  16  0:44  Refinery  
  16  0:50  SCV  
  17  1:02  SCV  
  18  1:15  SCV  
  19  1:27  Marine, Orbital Command  
  20  1:43  Command Center  
  20  1:55  Factory  
  20  1:57  SCV  
  21  2:04  Barracks Reactor  
  21  2:09  Supply Depot  
  21  2:10  SCV  
  22  2:18  Refinery  
  22  2:22  SCV  
  23  2:34  SCV  
  24  2:42  Factory Tech Lab  
  24  2:43  Marine x2  
  25  2:44  Bunker  
  25  2:46  SCV  
  25  2:49  Starport  
  26  2:59  SCV  
  26  3:04  Orbital Command  
  27  3:08  Marine  
  27  3:10  Marine  
  29  3:18  Cyclone  
  32  3:22  SCV  
  33  3:28  Marine x2  
  33  3:30  Orbital Command  
  36  3:44  SCV  
  36  3:45  Supply Depot  
  35  3:49  Marine x2  
  37  3:56  Raven, Factory Tech Lab  
  37  3:59  SCV x2  
  41  4:03  Barracks  
  41  4:13  SCV x2  
  41  4:15  Supply Depot  
  43  4:18  Marine x2  
  45  4:25  SCV x2, Siege Tank  
  45  4:26  Supply Depot  
  50  4:37  SCV x2  
  50  4:38  Marine x2  
  53  4:42  Bunker  
  54  4:49  SCV x2  
  54  4:52  Engineering Bay  
  56  4:58  Marine x2  
  58  5:01  SCV x2, Stimpack  
  58  5:02  Marine  
  61  5:07  Siege Tank  
  61  5:12  Refinery  
  61  5:13  Supply Depot  
  64  5:14  SCV  
  64  5:15  SCV  
  66  5:22  Barracks  
  66  5:23  Terran Infantry Weapons Level 1  
  66  5:33  SCV x2  
  66  5:34  Marine x2, Marauder, Starport Reactor  
  72  5:37  Supply Depot  
  72  5:40  Refinery  
  72  5:43  Supply Depot  
  72  5:45  SCV x2  
  74  5:51  Factory Reactor  
  74  5:54  Marine x2  
  76  5:57  SCV x2  
  76  5:59  Supply Depot  
  80  6:04  Marauder  
  80  6:09  SCV x2  
  82  6:12  Medivac x2  
  82  6:15  Supply Depot  
  88  6:18  Marine, Marauder  
  88  6:19  Marine  
  88  6:25  Supply Depot  
  90  6:28  Barracks x2  
  90  6:30  Combat Shield, Marauder  
  92  6:35  Widow Mine x2  
  92  6:37  Marine x2  
  98  6:40  Supply Depot  
  98  6:52  Concussive Shells, Marauder x2  
  102  6:55  Marine x2  
  102  7:01  Widow Mine x2  
  107  7:03  Medivac  
  108  7:10  Supply Depot  
  108  7:12  Supply Depot  
  106  7:16  Barracks Reactor  
  106  7:17  Marine x2  
  106  7:18  Marauder x2  
  112  7:25  Barracks Tech Lab  
  112  7:29  Widow Mine x2  
  116  7:35  Marine x2  
  118  7:38  Supply Depot  
  118  7:39  Marauder x2  
  118  7:42  Marine  
  118  7:43  Medivac  
  125  7:48  Supply Depot  
  125  7:53  Marine  
  126  8:00  Marauder  
  126  8:01  Marine, Marauder  
  126  8:02  Viking, Marauder  
  135  8:07  Marine x2  
  135  8:10  Widow Mine x2  
  141  8:22  Marauder  
  141  8:23  Viking  
  144  8:32  Viking  
  146  8:36  Marine x4, Marauder x2  
  154  8:42  Supply Depot  
  152  8:53  Marine x2, Viking  
  152  8:55  Marine  
  152  8:57  Marauder x2  
  151  9:09  Viking  
  153  9:11  Marauder  
  153  9:14  Marine x2  
  157  9:19  Marauder x2  
  157  9:23  Marine, Viking  
  157  9:24  Marine  
  151  9:33  Marine, Marauder  
  151  9:34  Marine  
  152  9:40  Marauder x2  
  152  9:41  Marine  
  152  9:44  Marine  
  143  9:51  Marine x2  
  134  9:54  Marauder  
  134  9:59  Marine  
  111  10:01  Marine, Marauder  
  111  10:02  Marine  
  97  10:09  Marine x2  
  97  10:13  Widow Mine x2  
  96  10:16  Marauder  
  96  10:17  Marine  
  96  10:19  Marauder  
  99  10:23  Marauder  
  101  10:32  Marine x3  
  102  10:37  Marauder  
  102  10:41  Marauder, Liberator  
  112  10:43  Medivac  
  112  10:44  Marauder  
  113  10:50  Marine x2  
  115  11:00  Marine  
  115  11:01  Marauder  
  117  11:05  Marine x2  
  117  11:10  Marine, Marauder  
  120  11:13  Medivac  
  115  11:20  Marine  
  115  11:22  Marauder  
  111  11:29  Marine x2, Marauder  
  108  11:38  Marine  
  108  11:39  Marauder  
  96  11:42  Marine  
  96  11:43  Marine  

Tags
 
Add a new tag
Caveats
  • Supply blocks, unpowered buildings, or Contaminate may cause inaccurate times.
  • Supply counts are checked every 10 seconds.